 Dungeon Crawl Stone Soup version 0.30-a0-711-gf4ac18a38d (webtiles) character file.

Game seed: 16641450565299267372

4935 Darius099 the Shield-Bearer (level 10, -1/96 HPs)
             Began as a Gargoyle Fighter on Jan 23, 2023.
             Was a Priest of Okawaru.
             Slain by a troll (12 damage)
             ... on level 9 of the Dungeon.
             The game lasted 00:23:37 (8300 turns).

Darius099 the Shield-Bearer (Gargoyle Fighter)      Turns: 8300, Time: 00:23:38

Health: -1/96      AC: 24    Str: 21    XL:     10   Next: 52%
Magic:  18/18      EV: 12    Int: 10    God:    Okawaru [***...]
Gold:   593        SH:  5    Dex: 11    Spells: 19/19 levels left

rFire   . . .      SeeInvis .    d - +5 morningstar
rCold   . . .      Faith    .    c - +0 buckler
rNeg    + . .      Spirit   .    C - +0 plate armour
rPois   ∞          Reflect  .    (no helmet)
rElec   +          Harm     .    (no cloak)
rCorr   .          Rampage  .    p - +1 pair of gloves
Will    .....                    y - +0 pair of boots Stlth
                                 m - amulet of magic regeneration
HPRegen 0.36/turn                w - +5 ring of evasion
MPRegen 0.56/turn                (no ring)

@: berserking, very quick
A: sickness immunity, AC +7, negative energy resistance 1, electricity
resistance, torment resistance 1, petrification resistance
a: Renounce Religion, Heroism


You were on level 9 of the Dungeon.
You worshipped Okawaru.
Okawaru was most pleased with you.
You visited 2 branches of the dungeon, and saw 11 of its levels.

You collected 593 gold pieces.

Inventory:

Hand Weapons
 d - a +5 morningstar (weapon)
Armour
 c - a +0 buckler (worn)
 p - a +1 pair of gloves (worn)
 y - a +0 pair of boots (worn)
 C - a +0 plate armour (worn)
Jewellery
 m - an amulet of magic regeneration (around neck)
 r - a ring of ice
 w - a +5 ring of evasion (left hand)
Wands
 b - a wand of flame (21)
 q - a wand of mindburst (13)
 v - a wand of paralysis (8)
Scrolls
 f - 3 scrolls of immolation
 h - 2 scrolls of teleportation
 j - 2 scrolls of enchant armour
 o - a scroll of fear {unknown}
 u - 2 scrolls of noise
 x - a scroll of blinking
 A - a scroll of vulnerability {unknown}
Potions
 a - a potion of flight {unknown}
 e - 2 potions of brilliance
 g - 4 potions of attraction
 i - a potion of haste
 l - a potion of heal wounds
 n - a potion of cancellation
 s - 2 potions of curing
 z - 2 potions of lignification
 B - a potion of invisibility


   Skills:
 + Level 7.6 Fighting
 + Level 6.6 Maces & Flails
 + Level 7.6 Armour
 + Level 4.8 Dodging
 + Level 7.7 Shields
 + Level 5.4 Spellcasting


You had 19 spell levels left.
You didn't know any spells.
Your spell library contained the following spells:

 Spells                   Type           Power      Damage    Failure   Level
 Beastly Appendage        Tmut           4%         N/A       99%         1
 Kiss of Death            Conj/Necr      8%         2d6       99%         1
 Slow                     Hex            8%         N/A       99%         1
 Wereblood                Tmut           2%         N/A       100%        2
 Confusing Touch          Hex            2%         N/A       100%        3
 Dazzling Flash           Conj/Hex       4%         N/A       100%        3
 Hailstorm                Conj/Ice       2%         3d3       100%        3
 Kindle Blastsparks       Fire/Tloc/Air  4%         2d10      100%        3
 Spider Form              Tmut/Pois      2%         N/A       100%        3
 Vampiric Draining        Necr           2%         2d6       100%        3
 Dispel Undead            Necr           2%         3d7       100%        4
 Fulminant Prism          Conj/Hex       1%         3d5       100%        4
 Ice Form                 Ice/Tmut       2%         N/A       100%        4
 Iskenderun's Mystic Bla  Conj/Tloc      2%         2d3       100%        4
 Alistair's Intoxication  Tmut/Pois      1%         N/A       100%        5
 Borgnjor's Vile Clutch   Necr/Erth      1%         N/A       100%        5
 Lee's Rapid Deconstruct  Erth           1%         3d4*      100%        5
 Eringya's Noxious Bog    Tmut/Pois      1%         N/A       100%        6
 Starburst                Conj/Fire      1%         6d3       100%        6
 Sublimation of Blood     Necr           Unusable   N/A       N/A         2
 Simulacrum               Ice/Necr       Unusable   N/A       N/A         6
 Summon Hydra             Summ           Unusable   N/A       N/A         7

Dungeon Overview and Level Annotations

Branches:
Dungeon (10/15)            Temple (1/1) D:6
   Lair: D:8-11         Orc: D:9-12

Altars:
Ashenzari
Cheibriados
Dithmenos
Elyvilon
Fedhas
Gozag
Hepliaklqana
Kikubaaqudgha
Makhleb
Nemelex Xobeh
Okawaru
Qazlal
Ru
Sif Muna
Trog
Uskayaw
Vehumet
Wu Jian
Xom
Yredelemnul
Zin
The Shining One

Shops:
D:3 :   D:4 *


Innate Abilities, Weirdness & Mutations

You are immune to sickness and miasma.
Your stone body is resilient. (AC +7)
You are immune to poison.
You resist negative energy. (rN+)
You are resistant to electric shocks. (rElec)
You are resistant to unholy torment.
You are immune to petrification.


Message History

The warg is heavily wounded.
The troll bites you but does no damage. The troll barely misses you.
You block the troll's attack. The yak gores you but does no damage.
The yak closely misses you. The warg misses you.
You puncture the warg!
The warg is severely wounded.
The warg bites you but does no damage. The yak gores you.
The yak closely misses you. The troll bites you but does no damage.
The troll claws you but does no damage. The troll claws you.
The warg bites you but does no damage.
You sock the warg!
You kill the warg!
Okawaru accepts your kill. The troll misses you.
The troll claws you but does no damage. x2
You block the yak's attack. x2; The troll closely misses you.
The troll claws you. The troll barely misses you. The yak gores you.
* * * LOW HITPOINT WARNING * * *
The yak gores you but does no damage. The yak attacks as you move away!
The yak gores you.
* * * LOW HITPOINT WARNING * * *
The yak gores you but does no damage.
You see here a warg corpse.
The yak gores you but does no damage. The yak barely misses you.
A red film seems to cover your vision as you go berserk!
You feel yourself moving faster!
You feel mighty! The troll closely misses you. x2
The troll misses you. The yak gores you.
* * * LOW HITPOINT WARNING * * *
The yak closely misses you.
You hit the troll.
The troll is lightly wounded.
You impale the troll!!
The troll is severely wounded.
You block the troll's attack.
The troll claws you but does no damage. x2
The yak gores you!
* * * LOW HITPOINT WARNING * * *
The yak gores you but does no damage.
You barely miss the troll.
The troll is heavily wounded.
The troll bites you!
You die...

## ### ##. #.###..
##..##>. ####....#..
#.....###.. ###
#......##.. ##.####
#.........#
#..@T.####..#.......
#..YY>##.........##.
#....†..............
####.........#.#....
##........##.##.#.
#...÷......#....#.
#..#.##.........##
##.#.......#......
###..##.#.#....##


You could see 2 yaks and a troll.

Vanquished Creatures
  A two-headed ogre (D:10)
  Maggie (D:8)
  A wraith (D:7)
  A wyvern (D:9)
  Eustachio (D:5)
  2 wargs (D:9)
  2 steam dragons
  Menkaure (D:7)
  4 water moccasins
  2 orc warriors
  3 ice beasts
  2 sky beasts (D:7)
  A centaur (D:8)
  A phantom (D:5)
  A kobold brigand (D:6)
  3 bullfrogs
  3 scorpions
  8 wights
  7 howler monkeys
  A lava snake (D:9)
  4 hounds
  3 orc priests
  A gnoll bouda (D:8)
  3 iguanas (D:5)
  5 orc wizards
  7 gnolls
  5 adders
  2 ufetubi
  2 worms
  A dart slug (D:1)
  18 orcs
  7 endoplasms
  5 giant cockroaches
  10 hobgoblins
  5 jackals
  5 quokkas
  2 ball pythons (D:1)
  3 bats
  5 goblins
  10 kobolds
  5 rats
154 creatures vanquished.

Notes
Turn   | Place    | Note
-------+----------+-------------------------------------------
     0 | D:1      | Darius099 the Gargoyle Fighter began the quest for the Orb.
     0 | D:1      | Reached XP level 1. HP: 14/14 MP: 1/1
    27 | D:1      | You fall into a shaft and drop 1 floor!
    56 | D:2      | Reached XP level 2. HP: 4/19 MP: 2/2
   447 | D:1      | Reached XP level 3. HP: 23/23 MP: 3/3
  1077 | D:2      | Identified the +2 rapier "Zimucu" {freeze, Str+4 Int-3}
  1596 | D:3      | Reached XP level 4. HP: 24/29 MP: 4/4
  1918 | D:3      | Found Sicifam's Vocational Training.
  2034 | D:3      | Found a faded altar of an unknown god.
  2422 | D:4      | HP: 1/29 [wight/+4 morningstar (9)]
  2424 | D:4      | Reached XP level 5. HP: 2/33 MP: 4/6
  2427 | D:4      | Reached skill level 1 in Spellcasting
  2428 | D:4      | Reached skill level 1 in Dodging
  2428 | D:4      | Reached XP level 6. HP: 16/38 MP: 7/7
  2520 | D:4      | Found a shimmering altar of Xom.
  2520 | D:4      | Found a snail-covered altar of Cheibriados.
  2663 | D:4      | Found an opulent altar of Gozag.
  2663 | D:4      | Found Gozag's Platinum Reserve.
  2940 | D:5      | Entered Level 5 of the Dungeon
  2975 | D:5      | Found an ancient bone altar of Kikubaaqudgha.
  2975 | D:5      | Found a stormy altar of Qazlal.
  3038 | D:5      | Reached XP level 7. HP: 44/44 MP: 9/9
  3288 | D:5      | Found a sparkling altar of Nemelex Xobeh.
  3585 | D:5      | Noticed Eustachio
  3612 | D:5      | Killed Eustachio
  3613 | D:5      | Reached skill level 5 in Fighting
  3613 | D:5      | Reached skill level 5 in Armour
  3613 | D:5      | Reached skill level 5 in Shields
  3696 | D:5      | Reached XP level 8. HP: 46/49 MP: 10/12
  4637 | D:6      | Found a basalt altar of Yredelemnul.
  4911 | D:6      | Found a staircase to the Ecumenical Temple.
  4920 | Temple   | Entered the Ecumenical Temple
  4964 | Temple   | Became a worshipper of Warmaster Okawaru
  5256 | D:6      | Reached skill level 5 in Maces & Flails
  5256 | D:6      | Reached XP level 9. HP: 28/55 MP: 14/14
  5756 | D:7      | Reached * piety under Okawaru
  5921 | D:7      | Noticed Menkaure
  5928 | D:7      | Killed Menkaure
  6075 | D:7      | Reached ** piety under Okawaru
  7103 | D:8      | Identified the +8 trident of Duty {venom, Str+6 Dex+3}
  7133 | D:8      | Noticed Maggie
  7147 | D:8      | Killed Maggie
  7557 | D:9      | Reached XP level 10. HP: 60/63 MP: 17/17
  7649 | D:9      | Found a broken altar of Ashenzari.
  7657 | D:9      | Reached skill level 5 in Spellcasting
  7787 | D:9      | Found a hide-covered altar of Uskayaw.
  8091 | D:10     | Entered Level 10 of the Dungeon
  8126 | D:10     | Noticed a two-headed ogre
  8145 | D:10     | Killed a two-headed ogre
  8145 | D:10     | Reached *** piety under Okawaru
  8300 | D:9      | Slain by a troll

Illustrated notes

Levels and vault maps discovered:
D:1:      minmay_arrival_pointy, layout_basic, nicolae_hexahallways,
          minmay_stone_trees_small, grunt_decor_fettered, minivault_25
D:2:      layout_basic, minmay_pentomino_q2
D:3:      layout_loops_corners, shapermc_ecumenical_altar_ellora,
          nicolae_shop_vocational
D:4:      layout_basic, nicolae_gozag_zags_fifth_avenue,
          gammafunk_temple_overflow_statue, serial_curves, eino_curves_02,
          eino_curves_01
D:5:      layout_layer_cave, mainiacjoe_overflow_boulevard,
          grunt_temple_overflow_open, uniq_eustachio
D:6:      layout_basic, amcnicky_altar_gilded, minmay_temple_entry_waves
D:7:      layout_loops_cross, grunt_ministairs_3, corexii_checkpoint_a,
          uniq_menkaure
D:8:      layout_rooms, uniq_maggie
D:9:      layout_cave_pools, nicolae_uskayaw_suspiria, kennysheep_mini_moat
D:10:     lemuel_castle_with_subvaults [lemuel_castle_interior_carwin_1],
          layout_irregular_city, uniq_fannar
Temple:   nicolae_temple_ecumenical_triangle

Skill      XL: |  1  2  3  4  5  6  7  8  9 10 |
---------------+-------------------------------+-----
Armour         | 4 5 6 7 |  7.6
Fighting       | 4 5 6 7 |  7.6
Shields        | 4 5 6 7 |  7.7
Maces & Flails | 3 4 5 6 |  6.6
Spellcasting   | 1 2 3 4 5 |  5.4
Dodging        | 1 2 3 4 |  4.8

Action                     |  1- 3 |  4- 6 |  7- 9 | 10-12 || total
---------------------------+-------+-------+-------+-------++-------
  Melee: Flail             |   115 |    57 |       |       ||   172
         Morningstar       |       |    43 |   288 |    87 ||   418
    Use: Scroll            |       |     7 |    10 |       ||    17
         Potion            |       |     4 |       |     4 ||     8
 Armour: Scale mail        |    54 |    52 |    34 |       ||   140
         Chain mail        |       |       |   125 |       ||   125
         Plate armour      |       |       |    17 |    76 ||    93
  Dodge: Dodged            |    56 |    48 |   144 |    62 ||   310
  Block: Buckler           |    27 |    23 |    84 |    36 ||   170

Table legend: (Time is in decaauts)
 A = Elapsed time spent in this place.
 B = Non-inter-level travel time spent in this place.
 C = Inter-level travel time spent in this place.
 D = Time resting spent in this place.
 E = Time spent auto-exploring this place.
 F = Levels seen in this place.
 G = Mean time per level.
                   A        B        C        D        E       F      G
               +--------+--------+--------+--------+--------+-----+--------+
         Total |   8471 |   7703 |    768 |    828 |   4430 |  11 |  770.1 |
       Dungeon |   8409 |   7641 |    768 |    828 |   4400 |  10 |  840.9 |
        Temple |     61 |     61 |      0 |      0 |     30 |   1 |   61.0 |
               +--------+--------+--------+--------+--------+-----+--------+

Top non-repeatable levels by time:
     D:6: 1426 daAuts
     D:5: 1242 daAuts
     D:3: 1067 daAuts
     D:7: 981 daAuts
     D:1: 918 daAuts
     D:9: 713 daAuts
     D:2: 694 daAuts
     D:4: 674 daAuts
     D:8: 629 daAuts
    D:10: 62 daAuts
  Temple: 61 daAuts
